 Dungeon Crawl Stone Soup version 0.29.1 (webtiles) character file.

Game seed: 1298181753085245945

127 raincastle the Trooper (level 4, -2/37 HPs)
             Began as a Demonspawn Abyssal Knight on Sept 14, 2022.
             Was an Elder of Lugonu.
             Slain by an orc
             ... wielding a +0 mace
              (4 damage)
             ... on level 3 of the Dungeon.
             The game lasted 00:09:15 (2700 turns).

raincastle the Trooper (Demonspawn Abyssal Knight)  Turns: 2700, Time: 00:09:15

Health: -2/37      AC:  6    Str: 15    XL:     4   Next: 85%
Magic:  6/6        EV:  9    Int: 14    God:    Lugonu [****..]
Gold:   192        SH:  0    Dex: 13    Spells: 3/3 levels left

rFire   . . .      SeeInvis .   a - +1 mace
rCold   . . .      Faith    .   (no shield)
rNeg    . . .      Spirit   .   i - +0 scale mail
rPois   .          Reflect  .   (no helmet)
rElec   .          Harm     .   (no cloak)
rCorr   .          Rampage  .   (no gloves)
Will    .....                   (no boots)
Stlth   ..........              (no amulet)
HPRegen 0.12/turn               (no ring)
MPRegen 0.10/turn               (no ring)

@: hasted, very quick
A: hooves 1, foul stench 1, big brain 1
a: Renounce Religion, Depart the Abyss, Bend Space, Banish, Corrupt


You were on level 3 of the Dungeon.
You worshipped Lugonu.
Lugonu was greatly pleased with you.
You visited 1 branch of the dungeon, and saw 3 of its levels.
You visited the Abyss 1 time.

You collected 192 gold pieces.

Inventory:

Hand Weapons
 a - a +1 mace (weapon)
Armour
 i - a +0 scale mail (worn)
Scrolls
 b - a scroll of enchant armour {unknown}
 d - a scroll of identify
 f - a scroll of enchant weapon {unknown}
 g - a scroll of noise {unknown}
 h - 2 scrolls of fear
 j - a scroll of blinking {unknown}
 k - a scroll of immolation {unknown}
 l - a scroll of amnesia {unknown}
Potions
 c - a potion of haste
 e - a potion of curing {unknown}
 m - a potion of berserk rage {unknown}


   Skills:
 + Level 3.6 Fighting
 + Level 3.3 Maces & Flails
 + Level 2.5 Armour
 + Level 1.1 Dodging
 + Level 0.8 Stealth
 + Level 2.8 Invocations


You had 3 spell levels left.
You didn't know any spells.
Your spell library was empty.

Dungeon Overview and Level Annotations

Branches:
Dungeon (3/15)

Altars:
Fedhas
Okawaru
Uskayaw


Innate Abilities, Weirdness & Mutations

You have large cloven feet.
You may rarely emit foul miasma when damaged in melee.
You have an unusually large brain. (Int +2)


Message History

There is an open door here.
The orc hits you with a +0 flail.
You barely miss the orc.
You hear the brisk rusting of a very distant drain.
The orc barely misses you. The orc hits you with a +0 flail.
You barely miss the orc. Your kick misses the orc.
The orc hits you with a +0 flail!
You barely miss the orc. You kick the orc.
The orc is severely wounded.
The orc hits you with a +0 flail! The orc hits you but does no damage.
You sock the orc!
You kill the orc!
Lugonu accepts your kill. The orc barely misses you.
You hit the kobold. You kick the kobold.
The kobold is severely wounded.
The kobold hits you with a +0 short sword.
The orc barely misses you. The orc hits you with a +0 mace.
* * * LOW HITPOINT WARNING * * *
The kobold closely misses you.
You hit the kobold.
You kill the kobold!
Lugonu accepts your kill.
You can now corrupt the fabric of space.
The orc hits you but does no damage.
You hit the orc.
The orc is moderately wounded.
The orc hits you with a +0 mace.
* * * LOW HITPOINT WARNING * * *
The orc closely misses you.
You hit the orc. You kick the orc.
You kill the orc!
Lugonu accepts your kill. The orc hits you with a +0 mace.
* * * LOW HITPOINT WARNING * * *
The orc attacks as you move away! The orc hits you but does no damage.
Items here: ( ))) ?? [ ††.
It was a potion of haste.
You feel yourself speed up. The orc hits you with a +0 mace.
You die...

...#####....#
.K..
#'######....#
#.....'...#
#.###.###....
#.# #K# #.# .
#.###.# #.#
+.....# #.#
#####'###.#
#..@o.#
#######


You could see an orc.

Vanquished Creatures
  An orc priest (D:2)
  2 adders (D:3)
  2 worms (D:2)
  4 dart slugs
  6 orcs
  8 endoplasms
  4 giant cockroaches
  4 goblins
  3 hobgoblins
  2 jackals (D:1)
  2 quokkas
  2 ball pythons (D:2)
  6 bats
  3 frilled lizards
  6 kobolds
  4 rats
  A toadstool (D:1)
60 creatures vanquished.

Vanquished Creatures (others)
  2 fungi (D:1)
  4 toadstools (D:1)
6 creatures vanquished.

Grand Total: 66 creatures vanquished

Notes
Turn   | Place    | Note
-------+----------+-------------------------------------------
     0 | Abyss:1  | raincastle the Demonspawn Abyssal Knight began the quest
                  | for the Orb.
     0 | Abyss:1  | Reached XP level 1. HP: 18/18 MP: 2/2
     1 | D:1      | Escaped the Abyss
   396 | D:1      | Found a faded altar of an unknown god.
   592 | D:1      | Gained mutation: You may rarely emit foul miasma when
                  | damaged in melee. [demonic ancestry]
   592 | D:1      | Reached XP level 2. HP: 22/24 MP: 4/4
   705 | D:1      | Reached skill level 1 in Dodging
   875 | D:1      | Reached *** piety under Lugonu
  1137 | D:1      | Gained mutation: You have large cloven feet. [demonic
                  | ancestry]
  1137 | D:1      | Reached XP level 3. HP: 27/29 MP: 5/5
  1573 | D:2      | Gained mutation: You have an unusually large brain. (Int
                  | +2) [demonic ancestry]
  1573 | D:2      | Reached XP level 4. HP: 35/35 MP: 6/6
  2531 | D:3      | Found a blossoming altar of Fedhas.
  2536 | D:3      | Found an iron altar of Okawaru.
  2653 | D:3      | Noticed a +0 dagger
  2655 | D:3      | Noticed a +0 hand axe
  2658 | D:3      | Found a hide-covered altar of Uskayaw.
  2696 | D:3      | Reached **** piety under Lugonu
  2698 | D:3      | HP: 1/37 [orc/+0 mace (5)]
  2700 | D:3      | Slain by an orc

Illustrated notes

Levels and vault maps discovered:
D:1:      moated_graveyard_arrival, layout_loops_corners,
          ebering_ecumenical_altar_rust, minmay_gold_behind_fungi
D:2:      layout_loops_cross, nicolae_underground_beach
D:3:      layout_rooms, dancing_weapons_uskayaw,
          beargit_hepliaklqana_dungeon_heroes, minitemple,
          ebering_ghost_reflecting_pool, gup_sewer_entry_pipe,
          dreamdust_princess_corridor, minmay_misc_feat_encased

Skill      XL: |  1  2  3  4 |
---------------+-------------+-----
Maces & Flails | 2 3 |  3.3
Dodging        | 1 |  1.1
Armour         | 2 |  2.5
Fighting       | |  3.6
Stealth        | |  0.8
Invocations    | |  2.8

Action                   |  1- 3 |  4- 6 || total
-------------------------+-------+-------++-------
Melee: Mace              |    72 |    71 ||   143
       Punch             |     1 |     1 ||     2
       Kick              |     6 |    19 ||    25
  Use: Scroll            |       |     1 ||     1
       Potion            |       |     1 ||     1
 Stab: Sleeping          |     1 |       ||     1
Armor: Leather armour    |    11 |       ||    11
       Scale mail        |     4 |    25 ||    29
Dodge: Dodged            |    28 |    38 ||    66
